 Dungeon Crawl Stone Soup version 0.31-a0-66-ge618eeaa78 (webtiles) character file.

Game seed: 14095850846541367876

2515 Sobieck the Basher (level 9, 0/63 HPs)
             Began as a Mummy Fighter on May 22, 2023.
             Was a High Priest of Nemelex Xobeh.
             Slain by a killer bee (4 damage)
             ... on level 8 of the Dungeon.
             The game lasted 00:12:49 (6889 turns).

Sobieck the Basher (Mummy Fighter)                  Turns: 6889, Time: 00:12:50

Health: 0/63       AC:  6    Str: 24    XL:     9   Next: 29%
Magic:  14/14      EV:  8    Int:  7    God:    Nemelex Xobeh [*****.]
Gold:   425        SH:  7    Dex: 11    Spells: 8/8 levels left

rFire   . . .        J - +2 whip (drain) {mace}
rCold   . . .        j - +0 kite shield
rNeg    + + +        b - +0 scale mail
rPois   ∞            (no helmet)
rElec   .            (no cloak)
rCorr   .            (no gloves)
SInv    .            (no boots)
Will    +....        (no amulet) Stlth
                     t - ring of fire
HPRegen 0.30/turn    (no ring)
MPRegen 0.14/turn

%: faith
@: no status effects
A: cold resistance 1, negative energy resistance 3, torment resistance 2, heat
vulnerability 1, in touch with death 1, no potions, faith
a: Renounce Religion, Draw Escape, Draw Destruction, Draw Summoning, Triple
Draw, Deal Four, Stack Five


You were on level 8 of the Dungeon.
You worshipped Nemelex Xobeh.
Nemelex Xobeh was extremely pleased with you.
You visited 1 branch of the dungeon, and saw 8 of its levels.

You collected 425 gold pieces.

Inventory:

Hand Weapons
 a - a +0 flail {mace}
 k - a +2 short sword of venom {short}
 x - a +2 whip of venom {mace}
 A - a +2 dagger of venom {short}
 B - a +2 dagger of speed {short}
 J - a +2 whip of draining (weapon) {mace}
Missiles
 e - 45 stones (quivered) {throwing}
 r - 15 poisoned darts {throwing}
Armour
 b - a +0 scale mail (worn)
 c - a +0 buckler
 j - a +0 kite shield (worn)
 l - a +0 chain mail
 o - a +0 leather armour
 q - a +0 leather armour
 s - a +0 leather armour
 w - a +0 robe
 y - a +0 robe
 D - a +2 robe of resistance
 F - a +0 ring mail
 G - a +0 ring mail
 K - a +0 robe
 L - a +0 ring mail
 N - a +0 scale mail
 O - a +2 leather armour of willpower
 P - a +0 chain mail
 Q - a +0 leather armour
 S - a +0 robe
 T - a +0 leather armour
 U - a +0 chain mail
 V - a +0 leather armour
 W - a +0 robe
 X - a +0 ring mail
 Z - a +0 plate armour
Magical Staves
 u - a staff of fire {!astaff}
Jewellery
 t - a ring of fire (left hand)
 C - a ring of positive energy
 I - a ring of wizardry
Wands
 E - a wand of roots (9)
 Y - a wand of quicksilver (4)
Scrolls
 d - 4 scrolls of identify {unknown}
 f - 4 scrolls of teleportation {unknown}
 g - a scroll of torment {unknown}
 h - a scroll of enchant armour {unknown}
 i - 2 scrolls of blinking {unknown}
 m - a scroll of acquirement {unknown}
 n - 4 scrolls of fear {unknown}
 p - 2 scrolls of vulnerability {unknown}
 v - 2 scrolls of fog {unknown}
 H - a scroll of brand weapon {unknown}
 M - a scroll of immolation {unknown}
 R - a scroll of noise {unknown}
Miscellaneous
 z - a piece from Xom's chessboard (15/15)


   Skills:
 - Level 3.0 Fighting
 + Level 8.5 Maces & Flails
 - Level 2.4 Armour
 - Level 2.4 Shields
 - Level 7.0 Invocations


You had 8 spell levels left.
You didn't know any spells.
Your spell library contained the following spells:

 Spells                   Type           Power      Damage    Failure   Level
 Freeze                   Ice            0%         1d3       95%         1
 Magic Dart               Conj           0%         1d3       95%         1
 Ensorcelled Hibernation  Hex/Ice        0%         N/A       98%         2
 Passwall                 Tmut/Erth      0%         N/A       98%         2
 Searing Ray              Conj           0%         2d4       98%         2
 Dazzling Flash           Conj/Hex       0%         N/A       100%        3
 Frozen Ramparts          Ice            0%         1d1       100%        3
 Hailstorm                Conj/Ice       0%         3d3       100%        3
 Ozocubu's Armour         Ice            0%         N/A       100%        3
 Swiftness                Air            0%         N/A       100%        3
 Fulminant Prism          Conj/Hex       0%         3d5       100%        4
 Agony                    Necr           0%         N/A       100%        5
 Metabolic Englaciation   Hex/Ice        0%         N/A       100%        5
 Silence                  Hex/Air        0%         N/A       100%        5
 Simulacrum               Ice/Necr       0%         N/A       100%        6


Dungeon Overview and Level Annotations

Branches:
Dungeon (8/15) Zot: 26718  Temple (0/1) D:6
   Lair: D:8-11

Altars:
Nemelex Xobeh
Uskayaw

Shops:
D:7 !


Innate Abilities, Weirdness & Mutations

You are immune to poison.
Your flesh is cold resistant. (rC+)
You are immune to negative energy. (rN+++)
You are immune to unholy pain and torment.
You are vulnerable to heat. (rF-)
You are in touch with the powers of death.
You do not drink.
You have a special connection with the divine. (Faith)


Message History

The killer bee attacks as you move away!
The killer bee stings you!
* * * LOW HITPOINT WARNING * * *
The killer bee barely misses you.
The killer bee stings you but does no damage.
The killer bee stings you.
* * * LOW HITPOINT WARNING * * *
The killer bee stings you.
* * * LOW HITPOINT WARNING * * *
The killer bee stings you.
* * * LOW HITPOINT WARNING * * *
The killer bee barely misses you.
The killer bee attacks as you move away!
The killer bee misses you. The killer bee barely misses you.
The killer bee stings you but does no damage.
The killer bee stings you.
* * * LOW HITPOINT WARNING * * *
You block the killer bee's attack.
The killer bee attacks as you move away!
The killer bee barely misses you.
The killer bee stings you but does no damage.
Unknown command.
Unknown command.
You miss the killer bee.
The killer bee stings you but does no damage. x2
You barely miss the killer bee.
The killer bee stings you but does no damage.
The killer bee closely misses you. The killer bee stings you.
* * * LOW HITPOINT WARNING * * *
The killer bee barely misses you.
Unknown command.
Unknown command.
You hit the killer bee but do no damage.
The killer bee stings you.
* * * LOW HITPOINT WARNING * * *
You closely miss the killer bee.
The killer bee stings you but does no damage. x2
You whack the killer bee!
The killer bee stings you but does no damage.
You block the killer bee's attack.
Unknown command.
You hit the killer bee but do no damage.
The killer bee stings you.
* * * LOW HITPOINT WARNING * * *
You miss the killer bee. The killer bee closely misses you.
The killer bee stings you.
* * * LOW HITPOINT WARNING * * *
You hit the killer bee. The killer bee stings you.
You die...
Your body glows with a rainbow of weird colours and disappears.

.......##..## ##...#
........###..## ##.###
.............###....#
...............#...#....
.................### ..#
......##.......#...# ##
...### ##yy.####....# ##
#y### #.##### #@# #.
#.## #. #. #. .. .. #.#
.. ... #..


You could see 3 killer bees.

Vanquished Creatures
  Eustachio (D:6)
  An acid dragon (D:7)
  2 water moccasins
  An orc warrior (D:7)
  A sky beast (D:7)
  3 black bears
  A centaur (D:5)
  3 ogres
  A lemure (D:3)
  A kobold brigand (D:6)
  A bullfrog (D:7)
  4 scorpions
  A gnoll sergeant (D:8)
  A killer bee (D:8)
  2 howler monkeys (D:6)
  A crimson imp (D:6)
  A hound (D:7)
  A jelly (D:4)
  A sleepcap (D:6)
  Terence (D:3)
  A gnoll bouda (D:6)
  2 iguanas
  An orc wizard (D:5)
  11 gnolls
  2 river rats
  10 adders
  2 shadow imps
  2 white imps
  4 ufetubi
  3 worms
  2 dart slugs (D:3)
  14 orcs
  7 endoplasms
  3 goblins
  2 hobgoblins (D:2)
  2 jackals (D:8)
  3 quokkas
  10 ball pythons
  8 bats
  A frilled lizard (D:3)
  3 giant cockroaches
  10 kobolds
  5 rats
137 creatures vanquished.

Vanquished Creatures (collateral kills)
  An orc priest (D:7)
1 creature vanquished.

Grand Total: 138 creatures vanquished

Notes
Turn   | Place    | Note
-------+----------+-------------------------------------------
     0 | D:1      | Sobieck the Mummy Fighter began the quest for the Orb.
     0 | D:1      | Reached XP level 1. HP: 18/18 MP: 1/1
   135 | D:1      | Reached skill level 2 in Maces & Flails
   232 | D:1      | Found a faded altar of an unknown god.
   245 | D:1      | Prayed at the altar of an unknown god.
   245 | D:1      | Became a worshipper of Nemelex Xobeh the Trickster
   245 | D:1      | Reached * piety under Nemelex Xobeh
   274 | D:1      | Received a gift from Nemelex Xobeh
   291 | D:1      | You fall into a shaft and drop 1 floor!
   302 | D:2      | Reached XP level 2. HP: 24/24 MP: 2/2
   518 | D:2      | Gained mutation: You are in touch with the powers of death.
                  | [Mummy growth]
   518 | D:2      | Reached XP level 3. HP: 25/29 MP: 3/3
   528 | D:2      | Reached skill level 1 in Invocations
   597 | D:2      | You pick up a book of Frost and begin reading...
   597 | D:2      | You add the spells Freeze, Frozen Ramparts and Hailstorm to
                  | your library.
   601 | D:2      | Reached ** piety under Nemelex Xobeh
   617 | D:2      | You pick up a book of Burglary and begin reading...
   617 | D:2      | You add the spells Passwall, Ensorcelled Hibernation and
                  | Swiftness to your library.
   733 | D:2      | Reached skill level 3 in Maces & Flails
   935 | D:3      | Reached XP level 4. HP: 28/35 MP: 5/5
  1222 | D:3      | Noticed Terence
  1223 | D:3      | Killed Terence
  1254 | D:3      | You pick up a book of the Senses and begin reading...
  1254 | D:3      | You add the spells Dazzling Flash, Agony and Silence to
                  | your library.
  1392 | D:3      | Noticed Grinder
  1393 | D:3      | Grinder changed into Grinder the lemure
  1393 | D:3      | Noticed Grinder
  1405 | D:3      | Killed Grinder the lemure
  1406 | D:3      | Reached XP level 5. HP: 35/41 MP: 5/7
  1720 | D:4      | Received a gift from Nemelex Xobeh
  1725 | D:4      | Reached skill level 4 in Maces & Flails
  1725 | D:4      | Reached skill level 3 in Invocations
  2000 | D:4      | Reached *** piety under Nemelex Xobeh
  2203 | D:4      | You pick up a book of Conjurations {@e2} and begin
                  | reading...
  2203 | D:4      | You add the spells Magic Dart, Searing Ray and Fulminant
                  | Prism to your library.
  2354 | D:4      | Reached XP level 6. HP: 47/47 MP: 8/8
  2361 | D:4      | Noticed Sigmund
  2364 | D:4      | Noticed Sigmund
  2370 | D:4      | Killed Sigmund the river rat
  2963 | D:5      | Entered Level 5 of the Dungeon
  3359 | D:5      | Reached XP level 7. HP: 27/52 MP: 10/10
  3389 | D:5      | Reached skill level 5 in Maces & Flails
  3638 | D:6      | Received a gift from Nemelex Xobeh
  3645 | D:6      | Reached **** piety under Nemelex Xobeh
  3645 | D:6      | Noticed Eustachio
  3672 | D:6      | Killed Eustachio
  3984 | D:6      | Found a staircase to the Ecumenical Temple.
  4042 | D:6      | Reached XP level 8. HP: 56/58 MP: 12/12
  4126 | D:6      | Received a gift from Nemelex Xobeh
  4136 | D:6      | Found a hide-covered altar of Uskayaw.
  4224 | D:6      | Reached skill level 6 in Maces & Flails
  4531 | D:6      | Reached skill level 6 in Invocations
  5021 | D:6      | Received a gift from Nemelex Xobeh
  5137 | D:7      | HP: 5/58 [acid dragon/splash of acid (17)]
  5139 | D:7      | Reached skill level 7 in Maces & Flails
  5672 | D:7      | HP: 13/58 [orc warrior/+0 mace (7)]
  5681 | D:7      | HP: 6/58 [orc warrior/+0 mace (8)]
  5687 | D:7      | Reached XP level 9. HP: 6/63 MP: 14/14
  6192 | D:7      | Reached ***** piety under Nemelex Xobeh
  6204 | D:7      | Reached skill level 8 in Maces & Flails
  6406 | D:7      | Received a gift from Nemelex Xobeh
  6415 | D:7      | Found Xeosa's Distillery.
  6751 | D:8      | You pick up a book of Winter and begin reading...
  6751 | D:8      | You add the spells Ozocubu's Armour, Metabolic Englaciation
                  | and Simulacrum to your library.
  6879 | D:8      | HP: 13/63 [killer bee (5)]
  6884 | D:8      | HP: 11/63 [killer bee (3)]
  6888 | D:8      | HP: 4/63 [killer bee (3)]
  6889 | D:8      | Slain by a killer bee

Illustrated notes

Levels and vault maps discovered:
D:1:      psy_arrival_conway, layout_rooms, basic_ecumenical_altar,
          nicolae_shop_vocational
D:2:      layout_rooms
D:3:      minmay_octagon_keep, layout_basic, uniq_terence, uniq_grinder
D:4:      layout_basic, uniq_sigmund
D:5:      layout_gridville
D:6:      layout_basic, mainiacjoe_overflow_24_doors,
          minmay_temple_entry_statues_pillars, minmay_fire_ice_demons,
          uniq_eustachio
D:7:      layout_basic, serial_shops, nicolae_shop_stone
D:8:      layout_layer_cave, serial_ice, serial_ice_f, serial_ice_m,
          serial_ice_g, serial_ice_d, serial_ice_n, serial_ice_e,
          enter_bailey_2, uniq_erica

Skill      XL: |  1  2  3  4  5  6  7  8  9 |
---------------+----------------------------+-----
Maces & Flails | 2 3 4 5 7 8 |  8.5
Invocations    | 1 2 3 4 5 7 |  7.0
Fighting       | |  3.0
Armour         | |  2.4
Shields        | |  2.4

Action                     |  1- 3 |  4- 6 |  7- 9 || total
---------------------------+-------+-------+-------++-------
  Melee: Flail             |   131 |   130 |       ||   261
         Whip              |       |     6 |   348 ||   354
 Invoke: Draw Destruction  |       |     6 |    11 ||    17
         Draw Summoning    |       |       |     1 ||     1
 Armour: Scale mail        |    85 |    44 |   101 ||   230
  Dodge: Dodged            |    70 |    84 |   137 ||   291
  Block: Buckler           |    27 |    26 |    54 ||   107
         Kite shield       |       |       |    12 ||    12

Table legend: (Time is in decaauts)
 A = Elapsed time spent in this place.
 B = Non-inter-level travel time spent in this place.
 C = Inter-level travel time spent in this place.
 D = Time resting spent in this place.
 E = Time spent auto-exploring this place.
 F = Levels seen in this place.
 G = Mean time per level.
                   A        B        C        D        E       F      G
               +--------+--------+--------+--------+--------+-----+--------+
         Total |   6892 |   6718 |    174 |    716 |   4881 |   8 |  861.5 |
       Dungeon |   6892 |   6718 |    174 |    716 |   4881 |   8 |  861.5 |
               +--------+--------+--------+--------+--------+-----+--------+

Top non-repeatable levels by time:
     D:7: 1507 daAuts
     D:6: 1409 daAuts
     D:4: 1273 daAuts
     D:3: 784 daAuts
     D:2: 669 daAuts
     D:5: 663 daAuts
     D:1: 303 daAuts
     D:8: 280 daAuts
